 Dungeon Crawl Stone Soup version 0.31-a0-700-gf13585253f (webtiles) character file.

Game seed: 9136997088105577289

114 qw the Shooter (level 4, -3/28 HPs)
             Began as a Gargoyle Hunter on Sept 7, 2023.
             Slain by a gnoll
             ... wielding a +0 club
              (6 damage)
             ... on level 3 of the Dungeon.
             The game lasted 00:00:42 (1379 turns).

qw the Shooter (Gargoyle Hunter)                    Turns: 1379, Time: 00:00:42

Health: -3/28      AC:  7    Str: 15    XL:     4   Next: 98%
Magic:  4/4        EV: 16    Int:  9    God:
Gold:   152        SH:  0    Dex: 15    Spells: 3/3 levels left

rFire   . . .        Y - +0 shortbow
rCold   . . .        (shield currently unavailable)
rNeg    + . .        c - +0 leather armour
rPois   inf          f - +0 helmet
rElec   +            (no cloak)
rCorr   .            (no gloves)
SInv    .            (no boots)
Will    .....        (no amulet)
Stlth   +            b - +5 ring of evasion
HPRegen 0.24/turn    (no ring)
MPRegen 0.09/turn

%: no passive effects
@: attractive, very slow
A: sickness immunity, AC +3, negative energy resistance 1, electricity
resistance, torment resistance 1, petrification resistance
a: no special abilities


You were on level 3 of the Dungeon.
You visited 1 branch of the dungeon, and saw 3 of its levels.

You collected 152 gold pieces.


Innate Abilities, Weirdness & Mutations

You are immune to sickness and miasma.
Your stone body is resilient. (AC +3)
You are immune to poison.
You resist negative energy. (rN+)
You are resistant to electric shocks. (rElec)
You are resistant to unholy torment.
You are immune to petrification.


   Skills:
 - Level 3.1 Fighting
 + Level 5.7 Ranged Weapons
 - Level 1.5 Dodging
 - Level 1.1 Stealth


You had 3 spell levels left.
You didn't know any spells.
Your spell library was empty.

Inventory:

Hand Weapons
 Y - a +0 shortbow (weapon)
Armour
 c - a +0 leather armour (worn)
 f - a +0 helmet (worn)
Jewellery
 b - a +5 ring of evasion (left hand)
Potions
 a - a potion of magic {unknown}
 d - a potion of curing {unknown}

Dungeon Overview and Level Annotations

Branches:
Dungeon (3/15)

Altars:
Ru


Message History

1373 |||
Found retreat position at 4,-4 (floor) with 0 blocking monsters and 2 monsters attacking at destination at distance 5
1373 ||| Stepping ~*~*~tactically~*~*~ (retreating).
The adder enters a dispersal trap!
The gnoll blinks! x3; You blink.
Splash!
You fall into the shallow water.
Moving in this stuff is going to be slow.
The gnoll is attracted toward you. x2; The adder is attracted toward you.
1374 |||
Found retreat position at 2,-1 (floor) with 0 blocking monsters and 1 monsters attacking at destination at distance 2 You shoot an arrow.
The arrow hits the gnoll!
The gnoll is severely wounded.
The gnoll barely misses you. The gnoll is attracted toward you. x2
1375 |||
Found retreat position at 2,-1 (floor) with 0 blocking monsters and 2 monsters attacking at destination at distance 2 You shoot an arrow.
The arrow hits the gnoll.
The gnoll is almost dead.
The gnoll splashes around in the water.
The gnoll barely misses you.
1376 |||
Found retreat position at 2,-1 (floor) with 0 blocking monsters and 2 monsters attacking at destination at distance 2 You shoot an arrow.
The arrow barely misses the gnoll.
The gnoll splashes around in the water.
The gnoll barely misses you. The adder misses you.
1377 |||
Found retreat position at 2,-1 (floor) with 0 blocking monsters and 2 monsters attacking at destination at distance 2 You shoot an arrow.
The arrow hits the gnoll but does no damage.
The gnoll is almost dead.
The gnoll splashes around in the water.
The adder misses you. The gnoll hits you with a +0 club.
The gnoll hits you with a +0 whip.
1378 |||
Found retreat position at 2,-1 (floor) with 0 blocking monsters and 2 monsters attacking at destination at distance 2 You shoot an arrow.
The arrow hits the gnoll but does no damage.
The gnoll is almost dead.
The adder barely misses you.
The gnoll hits you from afar with a +2 halberd of venom.
The gnoll hits you but does no damage. The gnoll completely misses you.
The adder closely misses you.
1379 |||
Found retreat position at 2,-1 (floor) with 0 blocking monsters and 2 monsters attacking at destination at distance 2 You shoot an arrow.
The arrow hits the gnoll.
You kill the gnoll!
You hear a splash.
The gnoll hits you from afar with a +2 halberd of venom!
The gnoll hits you with a +0 club.
You die...

#.# ########.##
#....(....# #¤.....)..#
#.........###
#.S¤¤.......##
7~~7!7777..#..###
7~77¤~~~77g)77...## 7
P~P~~P~~~g@~7~..#
~~¤~~~~~~~PS~~7~~.#
¤~~7~~~~~~~~~~~~~P~~7##
P7 ~~~~~~~~~~~7~~~P~~~#
~~~~~~~~~~~~~~~7~~~77
PP~~~~~~~~~~~~~P~~~~~7#
~~~~~~~~~~~~~~7~#
~~~~~~~~~~7~P7~##
~~~P~P~7~~~77##


You could see 2 gnolls and an adder.

Vanquished Creatures
  A jelly (D:2)
  2 adders (D:2)
  A gnoll (D:3)
  2 worms (D:2)
  An orc (D:2)
  7 ball pythons
  11 endoplasms (D:2)
  A giant cockroach (D:1)
  3 goblins
  2 hobgoblins
  13 kobolds
  6 bats
  2 frilled lizards
  5 rats
57 creatures vanquished.

Notes
Turn   | Place    | Note
-------+----------+-------------------------------------------
     0 | D:1      | qw the Gargoyle Hunter began the quest for the Orb.
     0 | D:1      | Reached XP level 1. HP: 12/12 MP: 1/1
     0 | D:1      | 0 ||| qw: Version: 0.3-a-76-g4403597
     0 | D:1      | 0 ||| qw: Game counter: 661
     0 | D:1      | 0 ||| qw: Melee chars always use a shield: true
     0 | D:1      | 0 ||| qw: God list: Okawaru
     0 | D:1      | 0 ||| qw: Allow faded altars: false
     0 | D:1      | 0 ||| qw: Do Orc after clearing Dungeon:15 true
     0 | D:1      | 0 ||| qw: Do second Lair branch before Depths: true
     0 | D:1      | 0 ||| qw: Lair rune preference: random
     0 | D:1      | 0 ||| qw: Goals: Normal
     0 | D:1      | 0 ||| PLANNING D:1-11
   208 | D:1      | Reached XP level 2. HP: 17/17 MP: 2/2
   380 | D:1      | 380 ||| READING scroll labelled GATWAO UDETICU.
   381 | D:1      | 381 ||| READING scroll labelled XEGHIZISHRA.
   382 | D:1      | 382 ||| DROPPING scroll of butterflies.
   428 | D:2      | Found a sacrificial altar of Ru.
   558 | D:2      | Reached XP level 3. HP: 21/21 MP: 3/3
   626 | D:2      | Reached skill level 5 in Ranged Weapons
   959 | D:2      | Reached skill level 3 in Fighting
   991 | D:2      | Reached XP level 4. HP: 28/28 MP: 4/4
  1227 | D:2      | 1227 ||| UPGRADING to +0 helmet.
  1232 | D:2      | 1232 ||| UPGRADING to +5 ring of evasion.
  1233 | D:2      | 1233 ||| READING scroll labelled ROWOMA AZALU.
  1366 | D:3      | 1366 ||| DRINKING 2 silvery potions.
  1367 | D:3      | 1367 ||| DROPPING potion of attraction.
  1368 | D:3      | 1368 ||| Stepping ~*~*~tactically~*~*~ (water).
  1372 | D:3      | 1372 ||| Stepping ~*~*~tactically~*~*~ (retreating).
  1373 | D:3      | 1373 ||| Stepping ~*~*~tactically~*~*~ (retreating).
  1379 | D:3      | HP: 3/28 [gnoll/+2 halberd of venom (13)]
  1379 | D:3      | Slain by a gnoll

Levels and vault maps discovered:
D:1:      minmay_arrival_five_plusses, layout_basic
D:2:      cheibrodos_fertilizer, layout_basic, basic_altar, nrook_loot_triangle
D:3:      layout_basic, serial_bayou, serial_bayou_shore_b,
          serial_bayou_lagoon_b, serial_bayou_crossing, serial_bayou_lake_a,
          uniq_robin

Skill      XL: |  1  2  3 |
---------------+----------+-----
Ranged Weapons | 5 |  5.7
Fighting       | 3 |  3.1
Dodging        | |  1.5
Stealth        | |  1.1

Action                     |  1- 3 |  4- 6 || total
---------------------------+-------+-------++-------
   Fire: Shortbow          |   122 |    62 ||   184
    Use: Scroll            |     2 |     1 ||     3
         Potion            |       |     1 ||     1
 Armour: Leather armour    |    41 |    34 ||    75
  Dodge: Dodged            |    32 |    41 ||    73

Table legend:
 A = Non-vault XP
 B = Vault XP
 C = Vault XP percentage of total XP
 D = Non-vault monster count
 E = Vault monster count
 F = Vault count percentage of total count
                 A         B        C        D         E       F
            +---------+---------+-------+---------+---------+-------
      Total |     105 |      73 |  41.0 |      39 |      18 |  31.6
            +---------+---------+-------+---------+---------+-------
        D:1 |      21 |       0 |   0.0 |      15 |       0 |   0.0
        D:2 |      63 |      73 |  53.7 |      19 |      18 |  48.6
        D:3 |      21 |       0 |   0.0 |       5 |       0 |   0.0
            +---------+---------+-------+---------+---------+-------
